 Dungeon Crawl Stone Soup version 0.27.1 (webtiles) character file.

Game seed: 3594007506334691593

313 Kold the Shield-Bearer (level 6, 0/70 HPs)
             Began as a Formicid Fighter on Sept 3, 2021.
             Killed by an exploding Eustachio (19 damage)
             ... ignited by their inner flame
             ... on level 4 of the Dungeon.
             The game lasted 00:04:19 (3353 turns).

Kold the Shield-Bearer (Formicid Fighter)           Turns: 3353, Time: 00:04:19

Health: 0/70       AC: 23    Str: 23      XL:     6   Next: 71%
Magic:  6/6        EV:  2    Int:  7      God:
Gold:   70         SH: 10    Dex:  9 (10) Spells: 5/5 levels left

rFire    . . .     SeeInvis .   a - +1 long sword
rCold    . . .     Faith    .   c - +0 kite shield
rNeg     + + +     Spirit   .   (armour currently unavailable)
rPois    +         Reflect  .   (helmet unavailable)
rElec    .         Harm     .   (cloak currently unavailable)
rCorr    .         Rampage  .   (gloves currently unavailable)
Will     .....                  (boots currently unavailable)
Stlth    +.........             (no amulet)
HPRegen  0.21/turn              (no ring)
MPRegen  0.10/turn              (no ring)

@: tree-form, attractive
A: stationary, stasis, torment immunity, boosted hp, permanent stasis, dig
shafts and tunnels, (antennae 3), four strong arms
a: no special abilities


You were on level 4 of the Dungeon.
You were a tree.
You visited 1 branch of the dungeon, and saw 4 of its levels.

You collected 70 gold pieces.

Inventory:

Hand Weapons
 a - a +1 long sword (weapon)
Armour
 b - a +0 scale mail (melded)
 c - a +0 kite shield (worn)
 f - a +0 pair of boots (melded)
 j - a +0 pair of gloves (melded)
Scrolls
 e - 3 scrolls of identify
 i - 2 scrolls of magic mapping
 l - a scroll of immolation
Potions
 g - a potion of flight
 n - a potion of haste


   Skills:
 - Level 3.2 Fighting
 * Level 5.4 Long Blades
 - Level 3.2 Armour
 + Level 5.7 Shields


You had 5 spell levels left.
You didn't know any spells.
Your spell library contained the following spells:

 Spells                   Type           Power      Damage    Failure   Level
 Sting                    Tmut/Pois      0%         1d3       67%         1
 Poisonous Vapours        Pois/Air       0%         N/A       80%         2
 Slow                     Hex            0%         N/A       80%         2
 Confusing Touch          Hex            0%         N/A       95%         3
 Olgreb's Toxic Radiance  Pois           0%         N/A       100%        4
 Yara's Violent Unravell  Hex/Tmut       0%         3d3       100%        5


Dungeon Overview and Level Annotations

Branches:
Dungeon (4/15)
 Temple: D:4-7

Altars:
Uskayaw

Shops:
D:3 (   D:4 :


Innate Abilities, Weirdness & Mutations

You are a tree.
Your roots penetrate the ground, keeping you stationary.
You cannot be teleported.
You are immune to unholy pain and torment.
Your maximum health is greatly increased.
Your equipment is partially melded.
You cannot be hasted, slowed, berserked, paralysed or teleported.
You can dig through walls and to a lower floor.
((You have a pair of large antennae on your head. (SInv)))
Your four strong arms can wield two-handed weapons with a shield.


Message History

It was a potion of lignification.
You turn into a tree.
Your +0 pair of gloves melds into your body.
Your +0 pair of boots melds into your body.
Your +0 scale mail melds into your body.
Your roots penetrate the ground.
The crimson imp disappears in a puff of smoke!
You block the quasit's attack.
The quasit claws you but does no damage.
You block the quasit's attack. Eustachio hits you with a +0 falchion!
* * * LOW HITPOINT WARNING * * *
The quasit bites you but does no damage.
The quasit claws you but does no damage.
You block the quasit's attack.
The white imp hits you but does no damage.
It was a potion of haste.
Your stasis prevents you from being hasted.
The quasit bites you but does no damage.
You block the quasit's attack.
The quasit claws you but does no damage.
Eustachio barely misses you.
The white imp hits you but does no damage.
It was a potion of attraction.
You feel attractive to monsters.
The quasit bites you but does no damage.
You block the quasit's attack.
The quasit claws you but does no damage.
Eustachio hits you but does no damage. The white imp gestures at you.
The puff of frost hits you but does no damage.
You hit Eustachio.
Flame seeps out of Eustachio.
Eustachio is severely wounded.
The quasit bites you but does no damage.
The quasit claws you but does no damage. x2
Eustachio is engulfed in blazing flames.
The ufetubus disappears in a puff of smoke!
The quasit disappears in a puff of smoke!
The white imp disappears in a puff of smoke!
Eustachio explodes!
The fiery explosion engulfs you!!
You die...

#.##...........
##..............
##...............
#.........####...
#..#####..# #...
#.##((.##.# #...
#§#(#(#.#.# #...
#########○#((#..#.#
#>..
#......#♣§#(#.#.#.#
#...
........§§##(..##..
..####.#..###.###.
#.#..#.###.#
.....#.....#
##.##.##._.## ..
#.. ...# ... #..#
+## #### ##..


You could see 8 dancing weapons.

Vanquished Creatures
  Eustachio (D:4)
  An ogre (D:4)
  A scorpion (D:3)
  2 hounds
  3 adders
  2 worms
  4 dart slugs
  An orc (D:3)
  4 ball pythons
  7 endoplasms
  2 giant cockroaches (D:1)
  8 goblins
  10 hobgoblins
  4 jackals (D:1)
  4 quokkas
  3 bats
  4 frilled lizards
  5 kobolds
  10 rats
76 creatures vanquished.

Notes
Turn   | Place    | Note
-------+----------+-------------------------------------------
     0 | D:1      | Kold the Formicid Fighter began the quest for the Orb.
     0 | D:1      | Reached XP level 1. HP: 18/18 MP: 1/1
   205 | D:1      | Reached XP level 2. HP: 24/24 MP: 2/2
   292 | D:1      | Found a faded altar of an unknown god.
   331 | D:1      | Reached XP level 3. HP: 17/29 MP: 3/3
   912 | D:2      | Reached XP level 4. HP: 35/35 MP: 4/4
  1370 | D:2      | Reached XP level 5. HP: 31/41 MP: 5/5
  2152 | D:3      | Found Ofos Rergh's Weapon Boutique.
  2158 | D:3      | Reached skill level 5 in Shields
  2606 | D:3      | Reached XP level 6. HP: 44/47 MP: 6/6
  2734 | D:4      | Noticed an ogre
  2788 | D:4      | Killed an ogre
  2789 | D:4      | Reached skill level 5 in Long Blades
  3235 | D:4      | Found Gemi's Book Shop.
  3309 | D:4      | Noticed a +0 short sword
  3309 | D:4      | Noticed a +0 falchion
  3309 | D:4      | Noticed a +0 spear
  3310 | D:4      | Noticed a +0 spear
  3310 | D:4      | Noticed a +0 falchion
  3310 | D:4      | Noticed a +0 short sword
  3311 | D:4      | Noticed a +0 dagger
  3312 | D:4      | Noticed a +0 dagger
  3323 | D:4      | Found a hide-covered altar of Uskayaw.
  3325 | D:4      | Noticed Eustachio
  3353 | D:4      | Killed Eustachio
  3353 | D:4      | Killed by an exploding Eustachio... ignited by their inner
                  | flame

Illustrated notes

Levels and vault maps discovered:
D:1:      minmay_arrival_hallway, layout_basic,
          hellmonk_ecumenical_altar_zigzags, minmay_box_of_dots
D:2:      layout_basic, serial_curves, eino_curves_02, eino_curves_02,
          eino_curves_02, eino_curves_01, serial_park_tiny_pond
D:3:      layout_loops_ring, serial_shops, shop
D:4:      wander_river, layout_loops_cross, nicolae_uskayaw_en_pointe,
          serial_shops, nicolae_stop_n_shop_2, uniq_eustachio

Skill      XL: |  1  2  3  4  5  6 |
---------------+-------------------+-----
Shields        | 4 5 |  5.7
Long Blades    | 3 4 5 |  5.4
Fighting       | |  3.2
Armour         | |  3.2

Action                   |  1- 3 |  4- 6 || total
-------------------------+-------+-------++-------
Melee: Long sword        |    95 |   145 ||   240
 Abil: Dig               |       |     1 ||     1
  Use: Scroll            |       |     5 ||     5
       Potion            |       |     5 ||     5
Armor: Scale mail        |    44 |    86 ||   130
       Skin              |       |    14 ||    14
Dodge: Dodged            |    37 |    61 ||    98
Block: Kite shield       |    60 |   103 ||   163
       Rpst.: Long sword |     8 |    16 ||    24
